 Dungeon Crawl Stone Soup version 0.26-a0-540-g8a0c9464d7 (webtiles) character file.

Game seed: 3289108209061509360

6486 HoaS the Grappler (level 10, -5/101 (102) HPs)
             Began as a Troll Monk on Aug 19, 2020.
             Was an Elder of Makhleb.
             Killed from afar by Jorgrun (11 damage)
             ... with a blast of rock fragments
             ... while petrified by Jorgrun
             ... on level 1 of the Orcish Mines.
             The game lasted 00:19:07 (8727 turns).

HoaS the Grappler (Troll Monk)                      Turns: 8727, Time: 00:19:07

HP:   -5/101 (102)  AC: 15    Str: 21    XL:     10   Next: 68%
MP:   9/9           EV: -2    Int:  6    God:    Makhleb [****..]
Gold: 757           SH:  0    Dex: 15    Spells: 9/9 levels left

rFire    . . .     SeeInvis .     - Unarmed
rCold    . . .     Faith    .   (no shield)
rNeg     + + +     Spirit   .   d - +0 swamp dragon scales
rPois    ∞         Reflect  .   (helmet restricted)
rElec    .         Harm     .   b - +2 cloak
rCorr    .                      (gloves unavailable)
MR       +....                  (boots unavailable)
Stlth    +.........             (no amulet)
HPRegen  0.66/turn              r - ring of protection from magic
MPRegen  0.11/turn              (no ring)

@: petrified, grasped by roots, constricted
A: large, unfitting armour, claws 3, regeneration 1, shaggy fur 1, tough skin 3
a: Minor Destruction, Lesser Servant of Makhleb, Major Destruction, Renounce
Religion


You were on level 1 of the Orcish Mines.
You worshipped Makhleb.
Makhleb was greatly pleased with you.
You visited 4 branches of the dungeon, and saw 13 of its levels.

You collected 757 gold pieces.

Inventory:

Hand Weapons
 s - a +0 giant spiked club
Armour
 b - a +2 cloak (worn)
 d - +0 swamp dragon scales (worn)
Jewellery
 r - a ring of protection from magic (left claw)
Wands
 a - a wand of disintegration (21)
 t - a wand of enslavement (7)
 v - a wand of iceblast (14)
Scrolls
 c - a scroll of magic mapping
 g - 8 scrolls of remove curse
 o - 4 scrolls of teleportation
 p - 2 scrolls of identify
 q - a scroll of enchant weapon
Potions
 f - a potion of might
 h - 6 potions of curing
 i - 5 potions of resistance
 j - 5 potions of heal wounds
 k - 3 potions of haste
 l - a potion of flight {unknown}
 m - 2 potions of ambrosia
 n - 2 potions of lignification {unknown}
 u - 2 potions of cancellation {unknown}


   Skills:
 + Level 7.0 Fighting
 + Level 4.1 Armour
 + Level 6.9 Dodging
 - Level 1.0 Stealth
 * Level 11.2 Unarmed Combat


You had 9 spell levels left.
You didn't know any spells.
Your spell library contained the following spells:

 Spells                   Type           Power        Failure   Level
 Animate Skeleton         Necr           #.....       63%         1
 Apportation              Tloc           #.....       63%         1
 Corona                   Hex            #......      63%         1
 Summon Small Mammal      Summ           #...         63%         1
 Confusing Touch          Hex            #.......     94%         3
 Gell's Gravitas          Tloc           #.........   94%         3
 Petrify                  Tmut/Erth      #.......     100%        4
 Bolt of Magma            Conj/Fire/Erth #.........   100%        5
 Iskenderun's Battlesphe  Conj           #.......     100%        5
 Metabolic Englaciation   Hex/Ice        #.........   100%        5
 Yara's Violent Unravell  Hex/Tmut       #.........   100%        5
 Iron Shot                Conj/Erth      #.........   100%        6
 Orb of Destruction       Conj           #.........   100%        7
 Spellforged Servitor     Conj/Summ      #.........   100%        7


Dungeon Overview and Level Annotations

Branches:
Dungeon (10/15)            Temple (1/1) D:4            Lair (1/6) D:10
    Orc (1/2) D:9

Altars:
Ashenzari
Cheibriados
Dithmenos
Elyvilon
Fedhas
Gozag
Hepliaklqana
Kikubaaqudgha
Makhleb
Nemelex Xobeh
Okawaru
Qazlal
Ru
Sif Muna
Trog
Uskayaw
Vehumet
Wu Jian
Xom
Yredelemnul
Zin
The Shining One

Shops:
D:7 (

Annotations:
Orc:1 Jorgrun


Innate Abilities, Weirdness & Mutations

You are too large for most types of armour.
You have claws for hands.
Your natural rate of healing is unusually fast.
You are covered in fur. (AC +1)
You have extremely tough skin. (AC +3)


Message History

* * * LOW HITPOINT WARNING * * *
Jorgrun hits you but does no damage. Jorgrun crushes you.
* * * LOW HITPOINT WARNING * * *
The orc hits you but does no damage.
The deep elf mage casts a spell.
The deep elf mage blinks!
The orc warrior hits you from afar with a +0 halberd!
* * * LOW HITPOINT WARNING * * *
Jorgrun gestures at you while chanting.
Roots burst forth from the earth!
The grasping roots grab you!
* * * LOW HITPOINT WARNING * * *
The grasping roots constrict you. The orc hits you but does no damage.
The orc knight roars a battlecry!
The orc priest goes into a battle-frenzy!
The orc priest casts a cantrip, but nothing happens.
Jorgrun casts a spell past you.
The wall shatters!
The blast of rock fragments hits you!!
You die...

. ≈≈ ≈# ## ##
.≈# ##.##.#..≈#
#..)@o...≈#
#...#oog)#..≈#
.......o.oo.≈≈≈
......#...o....
..#..........$.
...............
............#..
...........§...
.....$........


You could see Jorgrun, an orc knight, 3 orc warriors, an orc priest (strong) and
2 orcs.

Vanquished Creatures
  Pikel (D:7)
  Maggie (D:6)
  A troll (D:9)
  2 hippogriffs
  Sigmund (D:6)
  A wyvern (D:9)
  A basilisk (D:10)
  3 yaks (D:9)
  Menkaure (D:6)
  2 orc warriors
  A necrophage (D:6)
  An ice beast (D:8)
  A hornet zombie (D:5)
  3 sky beasts
  6 ogres
  3 wolves (D:9)
  2 centaurs
  A big kobold (D:9)
  3 bullfrogs
  4 killer bees (D:10)
  5 scorpions
  4 electric eels (D:10)
  4 howler monkeys
  Crazy Yiuf (D:6)
  9 hounds
  A bullfrog zombie (D:8)
  A jelly (D:10)
  2 bullfrog skeletons
  A gnoll shaman (D:7)
  An orc priest (Orc:1)
  2 centaur skeletons
  5 orc wizards
  2 iguanas
  4 worker ants
  A hound zombie (D:5)
  Robin (D:3)
  13 gnolls
  10 adders
  4 shadow imps
  2 white imps
  2 ufetubi (D:10)
  An ooze (D:4)
  2 adder skeletons
  An adder zombie (D:9)
  4 worms
  5 dart slugs
  8 leopard geckos
  33 orcs
  5 giant cockroaches
  12 goblins
  15 hobgoblins
  17 jackals
  2 quokkas
  4 ball pythons
  11 bats
  5 frilled lizards
  A jackal skeleton (D:3)
  A jackal zombie (D:7)
  17 kobolds
  A quokka skeleton (D:10)
  A quokka zombie (D:6)
  11 rats
271 creatures vanquished.

Notes
Turn   | Place    | Note
-------+----------+-------------------------------------------
     0 | D:1      | HoaS the Troll Monk began the quest for the Orb.
     0 | D:1      | Reached XP level 1. HP: 22/22 MP: 0/0
    84 | D:1      | Reached XP level 2. HP: 29/29 MP: 1/1
   295 | D:1      | Reached XP level 3. HP: 22/36 MP: 2/2
   740 | D:2      | Reached skill level 4 in Unarmed Combat
   743 | D:2      | Reached XP level 4. HP: 40/44 MP: 3/3
   901 | D:2      | Found a white marble altar of Elyvilon.
   928 | D:2      | Found a bloodstained altar of Trog.
   929 | D:2      | Found an iron altar of Okawaru.
  1701 | D:3      | Noticed Robin
  1735 | D:3      | Reached XP level 5. HP: 53/53 MP: 4/4
  1782 | D:3      | Killed Robin
  1786 | D:3      | Found a shimmering altar of Xom.
  1787 | D:3      | Found a shimmering blue altar of Sif Muna.
  1787 | D:3      | Found a basalt altar of Yredelemnul.
  2064 | D:3      | Found an ancient bone altar of Kikubaaqudgha.
  2322 | D:4      | Reached skill level 5 in Unarmed Combat
  2384 | D:4      | Noticed an ogre
  2418 | D:4      | Noticed an ogre
  2432 | D:4      | Killed an ogre
  2432 | D:4      | Reached XP level 6. HP: 51/61 MP: 5/5
  2584 | D:4      | Found a staircase to the Ecumenical Temple.
  2592 | D:4      | Reached skill level 6 in Unarmed Combat
  2592 | D:4      | Reached XP level 7. HP: 68/68 MP: 6/6
  2600 | Temple   | Entered the Ecumenical Temple
  2724 | Temple   | Became a worshipper of Makhleb the Destroyer
  2724 | Temple   | Reached * piety under Makhleb
  2724 | Temple   | Reached ** piety under Makhleb
  2812 | D:4      | Found a snail-covered altar of Cheibriados.
  3407 | D:5      | Entered Level 5 of the Dungeon
  3602 | D:5      | Found a radiant altar of Vehumet.
  3690 | D:5      | Reached skill level 7 in Unarmed Combat
  3710 | D:5      | Reached XP level 8. HP: 65/79 MP: 7/7
  4302 | D:6      | Noticed Menkaure
  4303 | D:6      | Noticed Sigmund
  4308 | D:6      | Killed Menkaure
  4315 | D:6      | Killed Sigmund
  4315 | D:6      | Reached skill level 5 in Fighting
  4315 | D:6      | Reached skill level 5 in Dodging
  4315 | D:6      | Reached skill level 8 in Unarmed Combat
  4413 | D:6      | Noticed Maggie
  4424 | D:6      | Killed Maggie
  4898 | D:6      | Found a runed translucent door.
  4899 | D:6      | Noticed Crazy Yiuf
  5096 | D:6      | Killed Crazy Yiuf
  5212 | D:7      | Found Epaigas's Weapon Shoppe.
  5270 | D:7      | Reached XP level 9. HP: 87/87 MP: 8/8
  5289 | D:7      | Reached *** piety under Makhleb
  5411 | D:7      | Reached skill level 1 in Armour
  5493 | D:7      | Reached skill level 9 in Unarmed Combat
  5511 | D:7      | Noticed Pikel
  5525 | D:7      | Killed Pikel
  6281 | D:9      | Reached skill level 10 in Unarmed Combat
  6306 | D:9      | Reached **** piety under Makhleb
  6327 | D:9      | Reached XP level 10. HP: 97/97 MP: 9/9
  6405 | D:9      | Found a sacrificial altar of Ru.
  6609 | D:9      | Found an ornate altar of the Wu Jian Council.
  6673 | D:9      | Found a stormy altar of Qazlal.
  6880 | D:9      | Found a staircase to the Orcish Mines.
  6937 | D:9      | Found a glowing silver altar of Zin.
  7075 | D:10     | Entered Level 10 of the Dungeon
  7650 | D:10     | Found a staircase to the Lair.
  7849 | D:10     | Found an iron altar of Okawaru.
  8155 | D:10     | Reached skill level 11 in Unarmed Combat
  8318 | Lair:1   | Entered Level 1 of the Lair of Beasts
  8689 | Orc:1    | Entered Level 1 of the Orcish Mines
  8704 | Orc:1    | Noticed Jorgrun
  8718 | Orc:1    | Noticed an orc knight
  8725 | Orc:1    | Noticed a deep elf mage
  8726 | Orc:1    | HP: 5/101 [Jorgrun/uncursed staff of earth (3)]
  8727 | Orc:1    | Killed from afar by Jorgrun

Illustrated notes

Levels and vault maps discovered:
D:1:      minmay_arrival_glassed_features, layout_loops_ring, minmay_3d_cube
D:2:      layout_basic, gammafunk_temple_overflow_pools, lemuel_round_altar,
          dk_vineyard_3
D:3:      layout_loops_ring, chequers_temple_overflow_statue_of_worship,
          kiku_gazebo_garden_becter, chequers_serial_rivers_micro_b, uniq_robin
D:4:      layout_layer_cave, overflow_temple_1_default,
          minmay_temple_entry_drinking_statues, corner_web_ring
D:5:      layout_loops_cross, lemuel_crystal_altar, kennysheep_cross_bottleneck,
          minmay_checkerbox
D:6:      layout_loops_cross, uniq_sigmund, uniq_maggie, uniq_menkaure,
          uniq_crazy_yiuf_cottage
D:7:      layout_basic, serial_shops, nicolae_shop_stone, uniq_pikel
D:8:      layout_gridville
D:9:      layout_basic, lemuel_doored_altar, grunt_qazlal_sundering,
          lemuel_round_altar, kennysheep_little_box, hiddenorc1_lemuel
D:10:     layout_irregular_city, erik_lair_island, basic_altar,
          serial_co_window_serial, co_window_of_opportunity_a,
          co_window_corner_a, co_window_cross_1, co_window_of_opportunity_a,
          co_window_of_opportunity_a, co_window_paths_a, co_window_corner_b,
          co_window_corner_cb, co_window_cross_4, co_window_of_opportunity_c,
          co_window_broadway_a, co_window_of_opportunity_c, glass_columns_a,
          glass_columns_c, minmay_bent
Temple:   nicolae_temple_figure_zero
Lair:1:   layout_long_grid, chequers_serial_rivers_micro_b, serial_bayou_shore_b
Orc:1:    layout_caves, enter_bailey_3, elf_legates, uniq_harold, uniq_fannar,
          uniq_jorgrun

Skill      XL: |  1  2  3  4  5  6  7  8  9 10 |
---------------+-------------------------------+-----
Unarmed Combat | 4 5 6 7 8 10 11 | 11.2
Fighting       | 3 4 5 6 7 |  7.0
Dodging        | 3 4 5 6 |  6.9
Armour         | 3 4 |  4.1
Stealth        | |  1.0

Action                   |  1- 3 |  4- 6 |  7- 9 | 10-12 || total
-------------------------+-------+-------+-------+-------++-------
Melee: Unarmed           |   103 |   201 |   288 |   204 ||   796
       Punch             |       |     3 |    11 |    11 ||    25
Evoke: Wand              |       |       |       |     1 ||     1
  Use: Scroll            |     5 |     1 |    14 |     4 ||    24
       Potion            |       |       |     1 |       ||     1
 Stab: Sleeping          |     6 |     3 |       |       ||     9
Armor: Robe              |    46 |    76 |    23 |       ||   145
       Swamp dragon scal |       |       |    69 |   105 ||   174
Dodge: Dodged            |    68 |   147 |   127 |   116 ||   458

Table legend: (Time is in decaauts)
 A = Elapsed time spent in this place.
 B = Non-inter-level travel time spent in this place.
 C = Inter-level travel time spent in this place.
 D = Time resting spent in this place.
 E = Time spent auto-exploring this place.
 F = Levels seen in this place.
 G = Mean time per level.
                   A        B        C        D        E       F      G
               +--------+--------+--------+--------+--------+-----+--------+
         Total |   8625 |   8146 |    479 |    780 |   5614 |  13 |  663.5 |
       Dungeon |   8448 |   7985 |    463 |    780 |   5507 |  10 |  844.8 |
        Temple |    135 |    119 |     16 |      0 |    107 |   1 |  135.0 |
          Lair |      7 |      7 |      0 |      0 |      0 |   1 |    7.0 |
  Orcish Mines |     34 |     34 |      0 |      0 |      0 |   1 |   34.0 |
               +--------+--------+--------+--------+--------+-----+--------+

Top non-repeatable levels by time:
     D:9: 1252 daAuts
    D:10: 1239 daAuts
     D:4: 1027 daAuts
     D:2: 984 daAuts
     D:6: 911 daAuts
     D:5: 749 daAuts
     D:1: 657 daAuts
     D:3: 647 daAuts
     D:8: 540 daAuts
     D:7: 439 daAuts
  Temple: 135 daAuts
   Orc:1: 34 daAuts
  Lair:1: 7 daAuts
